 Dungeon Sprint DCSS version 0.29-a0-925-g0a7a3d12f8 (webtiles) character file.

Game seed: 12990870058181101230

3 Hipnos the Trooper (level 1, -4/18 HPs)
             Began as a Demonspawn Chaos Knight on July 28, 2022.
             Was a Plaything of Xom.
             Killed from afar by a white imp (6 damage)
             ... with a puff of frost
             ... summoned by Xom
             ... in the Dungeon (Sprint II: "The Violet Keep of Menkaure").
             The game lasted 00:01:18 (249 turns).

Hipnos the Trooper (Demonspawn Chaos Knight)         Turns: 249, Time: 00:01:18

Health: -4/18      AC:  5    Str: 12    XL:     1   Next: 41%
Magic:  1/1        EV: 11    Int: 13    God:    Xom [......]
Gold:   0          SH:  0    Dex: 12    Spells: 0/0 levels left

rFire   . . .      SeeInvis .   a - +0 falchion (chaos)
rCold   . . .      Faith    .   (no shield)
rNeg    . . .      Spirit   .   b - +2 leather armour
rPois   .          Reflect  .   (no helmet)
rElec   .          Harm     .   (no cloak)
rCorr   .          Rampage  .   (no gloves)
Will    .....      NoTele   +   (no boots)
Stlth   +.........              (no amulet)
HPRegen 0.06/turn               (no ring)
MPRegen 0.07/turn               (no ring)

@: no status effects
A: no striking features
a: Renounce Religion


You were in the Dungeon.
You worshipped Xom.
You were a very special plaything of Xom.
You visited 1 branch

Inventory:

Hand Weapons
 a - a +0 falchion of chaos (weapon)
Armour
 b - a +2 leather armour (worn)
Scrolls
 i - a scroll of blinking
Potions
 d - a potion of curing
 e - a potion of heal wounds
 f - a potion of haste
 g - 2 potions of magic
 h - a potion of berserk rage
Miscellaneous
 c - a piece from Xom's chessboard (15/15) (quivered)


   Skills:
 + Level 3.6 Fighting
 + Level 3.2 Long Blades
 + Level 1.9 Armour
 + Level 0.8 Dodging
 + Level 0.4 Stealth


You couldn't memorise any spells.
You didn't know any spells.
Your spell library was empty.

Dungeon Overview and Level Annotations

Branches:
Dungeon (1/1)

Altars:


Message History

A worm is nearby!
You close the door.
You start resting.
You are now a very special plaything of Xom.
You start resting. "Let's see if it's strong enough to survive yet."
A white imp is nearby!
You open the door. The white imp misses you.
The white imp attacks as you move away! The white imp barely misses you.
There is an open door here.
The worm bites you!
A shower of butterflies erupts from you!
The white imp shouts, "Out, out, thou pottle-deep guts-griping beggar!"
The white imp completely misses your butterfly.
You see here 243 gold pieces.
You completely miss the worm.
The white imp barely misses your butterfly.
The worm bites you but does no damage.
You slash the worm!
The worm flickers and vanishes!
Deactivating autopickup; reactivate with Ctrl-A.
The white imp barely misses your butterfly.
You closely miss something. The white imp hits your butterfly.
Your butterfly dies!
Your butterfly disappears in a puff of smoke!
Something bites you.
You hit something but do no damage.
Xom is mildly amused.
Nothing appears to happen.
You punch something. The white imp misses your butterfly.
You barely miss something. Something bites you but does no damage.
You hit something.
Nothing appears to happen.
The white imp gestures at you. The puff of frost hits you.
* * * LOW HITPOINT WARNING * * *
Something bites you.
* * * LOW HITPOINT WARNING * * *
You barely miss the white imp. The white imp gestures at you.
The puff of frost hits you.
You die...

# # ##. #+#
.#
#..B##.##l#
#+.<.+#
#..B##.##l#
##. ##5# .#
# #b@# #
#b{## ##b
##


You could see a white imp (summoned).

Vanquished Creatures
  A worm (D)
1 creature vanquished.

Notes
Turn   | Place    | Note
-------+----------+-------------------------------------------
     0 | D        | Hipnos the Demonspawn Chaos Knight began the quest for the
                  | Orb.
     0 | D        | Reached XP level 1. HP: 18/18 MP: 1/1
     1 | D        | Noticed a boulder beetle
     1 | D        | Noticed a boulder beetle
     5 | D        | Noticed a wyvern
     5 | D        | Noticed a wyvern
   239 | D        | XOM: summons 1 hostile demon
   242 | D        | XOM: butterfly on damage
   249 | D        | Killed from afar by a white imp

Illustrated notes

Levels and vault maps discovered:
D:        the_violet_keep_of_menkaure [sprint2_stairs_cluster_1,
          sprint2_shoproom, sprint2_temple, sprint2_basic_supplies,
          sprint2_obstacle_5, sprint2_obstacle_6, sprint2_obstacle_2,
          sprint2_obstacle_3, sprint2_obstacle_4, sprint2_timed_cluster_1,
          sprint2_smallroom_cluster_1, sprint2_smallroom_final_cluster_1,
          sprint2_transparent_cluster_1, sprint2_second_timed_cluster_1,
          sprint2_sniper_area_1, sprint2_heavy_combat_area_1,
          sprint2_mutation_trap_area_1, sprint2_forest_area_1,
          sprint2_light_combat_area_1, sprint2_behind_water_1,
          sprint2_near_end_vault_1]

Skill      XL: |  1 |
---------------+----+-----
Long Blades    | 3 |  3.2
Fighting       | |  3.6
Armour         | |  1.9
Dodging        | |  0.8
Stealth        | |  0.4

Action                   || total
-------------------------++-------
Melee: Falchion          ||    16
       Punch             ||     2
 Stab: Petrified         ||     3
       Petrifying        ||     1
Armor: Leather armour    ||     2
Dodge: Dodged            ||     4

Table legend: (Time is in decaauts)
 A = Elapsed time spent in this place.
 B = Non-inter-level travel time spent in this place.
 C = Inter-level travel time spent in this place.
 D = Time resting spent in this place.
 E = Time spent auto-exploring this place.
 F = Levels seen in this place.
 G = Mean time per level.
                   A        B        C        D        E       F      G
               +--------+--------+--------+--------+--------+-----+--------+
         Total |    251 |    251 |      0 |    217 |      0 |   1 |  251.0 |
       Dungeon |    251 |    251 |      0 |    217 |      0 |   1 |  251.0 |
               +--------+--------+--------+--------+--------+-----+--------+

Top non-repeatable levels by time:
       D: 251 daAuts
